 Dungeon Crawl Stone Soup version 0.27.1-2-g3b301248ec (webtiles) character file.

Game seed: 8948690329331983155

199 ABBCCCDDDD the Skirmisher (level 5, -2/37 HPs)
             Began as an Octopode Abyssal Knight on Sept 28, 2021.
             Was a Believer of Lugonu.
             Slain by an orc warrior (12 damage)
             ... on level 2 of the Dungeon.
             The game lasted 00:03:03 (2926 turns).

ABBCCCDDDD the Skirmisher (Octopode Abyssal Knight) Turns: 2926, Time: 00:03:04

Health: -2/37      AC:  1    Str: 12    XL:     5   Next: 77%
Magic:  0/6        EV: 13    Int: 15    God:    Lugonu [**....]
Gold:   82         SH:  0    Dex: 11    Spells: 4/4 levels left

rFire    . . .     SeeInvis .   o - +1 short sword (protect)
rCold    . . .     Faith    .   (no shield)
rNeg     . . .     Spirit   +   (helmet restricted)
rPois    .         Reflect  .   g - amulet of guardian spirit
rElec    .         Harm     .   v - ring of resist corrosion
rCorr    +         Rampage  .   (no ring)
Will     .....                  (no ring)
Stlth    +++.......             (no ring)
HPRegen  0.12/turn              (no ring)
MPRegen  0.10/turn              (no ring)
                                (no ring)
                                (no ring)

@: no status effects
A: almost no armour, amphibious, 8 rings, camouflage 1, gelatinous body 1,
(nimble swimmer 1), tentacles
a: Renounce Religion, Depart the Abyss, Bend Space


You were on level 2 of the Dungeon.
You worshipped Lugonu.
Lugonu was pleased with you.
You visited 1 branch of the dungeon, and saw 3 of its levels.
You visited the Abyss 1 time.

You collected 82 gold pieces.

Inventory:

Hand Weapons
 a - a +1 mace
 b - a +1 short sword of draining
 f - a +0 whip of freezing
 o - a +1 short sword of protection (weapon)
Missiles
 j - a throwing net
 m - 17 javelins
 r - 6 curare-tipped darts
 w - 6 poisoned darts
Jewellery
 g - an amulet of guardian spirit (around mantle)
 v - a ring of resist corrosion (left tentacle)
Wands
 p - a wand of iceblast (8)
Scrolls
 h - a scroll of holy word {unknown}
 i - a scroll of identify {unknown}
 k - 2 scrolls of amnesia {unknown}
 n - a scroll of enchant weapon {unknown}
 q - 2 scrolls of magic mapping {unknown}
Potions
 c - 2 potions of brilliance {unknown}
 d - 2 potions of haste {unknown}
 e - a potion of heal wounds {unknown}
 l - a potion of resistance {unknown}
 s - a potion of curing {unknown}
 t - a potion of mutation {unknown}
 u - a potion of lignification {unknown}


   Skills:
 + Level 4.2 Fighting
 + Level 1.8 Short Blades
 - Level 2.6 Maces & Flails
 - Level 2.3 Dodging
 + Level 3.9 Stealth
 - Level 2.0 Invocations
 + Level 2.0 Evocations


You had 4 spell levels left.
You didn't know any spells.
Your spell library contained the following spells:

 Spells                   Type           Power      Damage    Failure   Level
 Summon Small Mammal      Summ           0%         N/A       26%         1
 Call Canine Familiar     Summ           0%         N/A       63%         3
 Summon Guardian Golem    Hex/Summ       0%         N/A       63%         3


Dungeon Overview and Level Annotations

Branches:
Dungeon (3/15)

Altars:


Innate Abilities, Weirdness & Mutations

You cannot wear most types of armour.
You are amphibious.
You can wear up to eight rings at the same time.
Your skin changes colour to match your surroundings (Stealth+).
Your rubbery body absorbs attacks. (AC +1, EV +1)
((You are camouflaged near water. (Stealth+)))
You have tentacles for arms and can constrict up to eight enemies at once.


Message History

You squeeze the kobold brigand!
The kobold brigand is almost dead.
You constrict the kobold brigand, but do no damage.
The kobold brigand closely misses you.
The kobold brigand hits you with a +0 dagger.
You barely miss the kobold brigand. Your squeeze misses the kobold brigand.
The kobold brigand is almost dead.
You constrict the kobold brigand. The kobold brigand barely misses you.
You hit the kobold brigand.
You kill the kobold brigand!
Lugonu accepts your kill.
Your Evocations skill increases to level 2!
Things that are here:
a +0 dagger; 6 poisoned darts; a kobold corpse
w - 6 poisoned darts A rat and an orc priest come into view.
There are monsters nearby! 2 orcs and an orc warrior come into view.
The orc warrior shouts!
The orc shouts! x2; The orc priest shouts!
The orc warrior hits you with a +0 mace!
The orc barely misses you.
You hit the orc warrior.
Your weapon exudes an aura of protection.
Your grab misses the orc warrior.
The orc warrior is lightly wounded.
The orc warrior hits you with a +0 mace.
The orc priest closely misses you. The orc barely misses you.
The orc priest barely misses you.
The orc priest mumbles some strange prayers to Beogh against you.
Beogh smites you!
There is a stone staircase leading up here.
The orc priest mumbles some strange prayers to Beogh against you.
Beogh smites you!
* * * LOW HITPOINT WARNING * * *
The orc warrior barely misses you.
You climb upwards.
There is a stone staircase leading down here.
The orc warrior hits you with a +0 mace!
You die...

### ###
#.#########################.###
###.#............................
....#.###########.###########.###
###.#.#.........#................
#.#.#.#######.#.###############
#.#.#.# #.#.# #........
###.#.#.#######.#o# #.#######
................@># #.####
###.#.#.##......### #.##<#
###.#)#.##)#....# #.##.#
...).......'....###### #.##.#
...##.#.##.#....##...# #.##.#
...##.#.##.#....##...# #.##.#
...##.#.##.#....##...# #.##.#
...##.#.##.#....#<...####.##.####
...##.#.##.#....#.(..'....##.##..


You could see an orc warrior.

Levels and vault maps discovered:
D:1:      dpeg_arrival_arbitrary_a, layout_loops_ring, hex_tiny
D:2:      layout_basic, serial_glass, glass_columns_a, glass_columns_c,
          minmay_circle_x
D:3:      layout_basic, dreamdust_ecumenical_altar_statues, serial_bayou_pond_e,
          uniq_jessica, uniq_terence

Notes
Turn   | Place    | Note
-------+----------+-------------------------------------------
     0 | Abyss:1  | ABBCCCDDDD the Octopode Abyssal Knight began the quest for
                  | the Orb.
     0 | Abyss:1  | Reached XP level 1. HP: 16/16 MP: 2/2
    36 | Abyss:1  | Noticed a large abomination
    39 | D:1      | Escaped the Abyss
   275 | D:1      | Reached skill level 1 in Stealth
   332 | D:1      | Reached XP level 2. HP: 20/21 MP: 3/3
   336 | D:1      | Reached * piety under Lugonu
   700 | D:1      | Reached XP level 3. HP: 24/26 MP: 4/4
  1934 | D:2      | Reached XP level 4. HP: 33/33 MP: 5/5
  2079 | D:2      | Reached ** piety under Lugonu
  2225 | D:2      | Reached skill level 1 in Evocations
  2487 | D:2      | Reached skill level 1 in Short Blades
  2817 | D:3      | Found a faded altar of an unknown god.
  2817 | D:3      | Noticed Jessica
  2821 | D:3      | Killed Jessica
  2822 | D:3      | Reached skill level 4 in Fighting
  2822 | D:3      | Reached XP level 5. HP: 37/37 MP: 6/6
  2852 | D:3      | Noticed a kobold brigand
  2858 | D:3      | Killed a kobold brigand
  2896 | D:3      | Noticed an orc warrior
  2926 | D:2      | Slain by an orc warrior

Table legend: (Time is in decaauts)
 A = Elapsed time spent in this place.
 B = Non-inter-level travel time spent in this place.
 C = Inter-level travel time spent in this place.
 D = Time resting spent in this place.
 E = Time spent auto-exploring this place.
 F = Levels seen in this place.
 G = Mean time per level.
                   A        B        C        D        E       F      G
               +--------+--------+--------+--------+--------+-----+--------+
         Total |   2934 |   2801 |    133 |    196 |   2137 |   4 |  733.5 |
       Dungeon |   2895 |   2762 |    133 |    196 |   2104 |   3 |  965.0 |
         Abyss |     39 |     39 |      0 |      0 |     33 |   1 |   39.0 |
               +--------+--------+--------+--------+--------+-----+--------+

Top non-repeatable levels by time:
     D:1: 1411 daAuts
     D:2: 1226 daAuts
     D:3: 257 daAuts
 Abyss:1: 39 daAuts

Table legend:
 A = Kills in this place as a percentage of kills in entire the game.
 B = Kills by you in this place as a percentage of kills by you in the entire game.
 C = Kills by friends in this place as a percentage of kills by friends in the entire game.
 D = Other kills in this place as a percentage of other kills in the entire game.
 E = Experience gained in this place as a percentage of experience gained in the entire game.
 F = Experience gained in this place divided by the number of levels of this place that you have seen.
                   A       B       C       D       E      F
               +-------+-------+-------+-------+-------+----------------------
         Total | 100.0 | 100.0 |   N/A |   N/A | 100.0 |  71.2
       Dungeon | 100.0 | 100.0 |   N/A |   N/A | 100.0 |  95.0
               +-------+-------+-------+-------+-------+----------------------

Action                   |  1- 3 |  4- 6 || total
-------------------------+-------+-------++-------
Melee: Mace              |    20 |       ||    20
       Constrict         |    20 |    13 ||    33
       Tentacles         |    14 |     5 ||    19
       Whip              |    42 |       ||    42
       Short sword       |    24 |    51 ||    75
Invok: Depart the Abyss  |     1 |       ||     1
 Stab: Sleeping          |    12 |     7 ||    19
Armor: Skin              |    14 |    17 ||    31
Dodge: Dodged            |    47 |    41 ||    88

Vanquished Creatures
  A kobold brigand (D:3)
  Jessica (D:3)
  2 adders (D:2)
  2 worms (D:2)
  5 dart slugs
  2 ball pythons
  7 bats
  9 endoplasms
  6 giant cockroaches
  7 goblins
  6 hobgoblins
  4 quokkas
  3 frilled lizards
  6 kobolds
  3 rats
64 creatures vanquished.
